 Dungeon Sprint DCSS version 0.24-a0-536-gdd4cf15 (webtiles) character file.

Game seed: 7802886687738647090

9 Faca the Skirmisher (level 2, -1/26 HPs)
             Began as a Formicid Fighter on Aug 13, 2019.
             Slain by a phantom (3 damage)
             ... in the Dungeon (Sprint IX: "|||||||||||||||||||||||||||||").
             The game lasted 00:00:28 (156 turns).

Faca the Skirmisher (Formicid Fighter)               Turns: 156, Time: 00:00:29

Health: -1/26      AC:  6    Str: 20    XL:     2   Next: 25%
Magic:  2/2        EV:  7    Int:  7    God:
Gold:   0          SH:  9    Dex: 10    Spells: 1/1 levels left

rFire    . . .     SeeInvis +   a - +0 long sword
rCold    . . .     Gourm    .   c - +0 shield
rNeg     . . .     Faith    .   b - +0 scale mail
rPois    .         Spirit   .   (helmet unavailable)
rElec    .         Reflect  .   (no cloak)
rCorr    .         Harm     .   (no gloves)
MR       .....                  (no boots)
Stlth    ..........             (no amulet)
HPRegen  0.08/turn              (no ring)
MPRegen  0.08/turn              (no ring)

@: no status effects
A: permanent stasis, dig shafts and tunnels, four strong arms, antennae 3
a: Dig


You were in the Dungeon.
You were not hungry.

You visited 1 branch

Inventory:

Hand Weapons
 a - a +0 long sword (weapon)
Armour
 b - a +0 scale mail (worn)
 c - a +0 shield (worn)
Scrolls
 k - a scroll of blinking
Potions
 d - a potion of might
 e - a potion of curing
 h - a potion of haste
 i - 2 potions of magic
 j - a potion of berserk rage
Comestibles
 f - a ration
 l - a chunk of flesh


   Skills:
 + Level 4.6 Fighting
 + Level 3.5 Long Blades
 - Level 3.2 Armour
 - Level 3.6 Shields


You had one spell level left.
You didn't know any spells.
Your spell library was empty.

Dungeon Overview and Level Annotations

Branches:
Dungeon (1/1)

Altars:


Innate Abilities, Weirdness & Mutations

You cannot be hasted, slowed, berserked, paralysed or teleported.
You can dig through walls and to a lower floor.
Your four strong arms can wield two-handed weapons with a shield.
You have a pair of large antennae on your head. (SInv)


Message History

* * * LOW HITPOINT WARNING * * *
You completely miss the phantom.
The phantom is severely damaged.
The hound closely misses you. You block the phantom's attack.
The hound bites you.
* * * LOW HITPOINT WARNING * * *
The phantom blinks!
Your shield prevents you from hitting the phantom.
The phantom is severely damaged.
You block the hound's attack. The phantom barely misses you.
You riposte.
You hit the phantom.
The phantom is almost destroyed.
The hound closely misses you.
Your shield and scale mail prevent you from hitting the phantom.
The phantom is almost destroyed.
The hound barely misses you. The phantom closely misses you.
You closely miss the phantom.
The phantom is almost destroyed.
The hound bites you but does no damage. The phantom hits you.
You die...

▓.▓
▓.▓
▓.▓
▓.▓
▓÷▓
▓Y▓
▓S▓
▓h▓
▓@▓
▓W▓
▓▓▓


You could see a phantom, an ice beast, a hound and an adder.

Vanquished Creatures
  An ooze (D)
  A bat zombie (D)
  A jackal (D)
  2 bats (D)
  A frilled lizard (D)
6 creatures vanquished.

Vanquished Creatures (others)
  A spatial maelstrom (D)
1 creature vanquished.

Grand Total: 7 creatures vanquished

Notes
Turn   | Place    | Note
-------+----------+-------------------------------------------
     0 | D        | Faca the Formicid Fighter began the quest for the Orb.
     0 | D        | Reached XP level 1. HP: 18/18 MP: 1/1
     5 | D        | Banished a spatial maelstrom
     5 | D        | Banished a spatial maelstrom
     8 | D        | Reached skill level 4 in Fighting
    17 | D        | Reached XP level 2. HP: 21/26 MP: 2/2
   130 | D        | Noticed an ice beast
   130 | D        | Noticed a phantom
   156 | D        | Slain by a phantom

Levels and vault maps discovered:
D:        linesprint [early_d, line_temple, items_1, d_10, items_2, lair_1,
          lair_end, items_3, orc_1, orc_end, items_4, d_15, swamp_1, shoals_1,
          snake_1, spider_1, d_20, vaults_1, items_5, swamp_end, shoals_end,
          snake_end, spider_end, vaults_end, d_27, items_6, zot_1, zot_end,
          crypt_end, forest_end, elf_end, slime_end, tomb_end, abyss_end,
          pan_hell_end]

Skill      XL: |  1 |
---------------+----+-----
Fighting       | 4 |  4.6
Long Blades    | 3 |  3.5
Armour         | |  3.2
Shields        | |  3.6

Action                   || total
-------------------------++-------
Melee: Long sword        ||    43
  Use: Potion            ||     1
Armor: Scale mail        ||    32
Dodge: Dodged            ||    27
Block: Shield            ||    29
       Rpst.: Long sword ||     8

Table legend:
 A = Non-vault XP
 B = Vault XP
 C = Vault XP percentage of total XP
 D = Non-vault monster count
 E = Vault monster count
 F = Vault count percentage of total count
                 A         B        C        D         E       F
            +---------+---------+-------+---------+---------+-------
      Total |       0 |      14 | 100.0 |       0 |       6 | 100.0
            +---------+---------+-------+---------+---------+-------
          D |       0 |      14 | 100.0 |       0 |       6 | 100.0
            +---------+---------+-------+---------+---------+-------
